 Dungeon Crawl Stone Soup version 0.18.1-50-g88ac8fd (webtiles) character file.

11243 magog001 the Blocker (level 11, 0/101 HPs)
             Began as a Minotaur Fighter on Apr 1, 2017.
             Slain by a hellwing (4 damage)
             ... summoned by a kobold demonologist
             ... on level 11 of the Dungeon on Apr 3, 2017.
             The game lasted 01:23:38 (11585 turns).

magog001 the Blocker (Minotaur Fighter)            Turns: 11585, Time: 01:23:39

Health: 0/101      AC: 21    Str: 27    XL:     11   Next: 46%
Magic:  6/11       EV:  9    Int:  5    God:
Gold:   1547       SH: 18    Dex:  7    Spells: 0 memorised, 10 levels left

rFire  + . .     SeeInvis .     A - +4 flail (protect)
rCold  x . .     Gourm    .     K - +2 chain mail {rPois}
rNeg   . . .     Faith    .     c - +0 shield
rPois  +         Spirit   .     (helmet restricted)
rElec  .         Dismiss  .     n - +1 cloak
rCorr  +         Reflect  +     (no gloves)
SustAt .         Harm     .     (no boots)
MR     .....                    U - +6 amulet of reflection
Stlth  ..........               u - ring of fire
                                l - ring of resist corrosion

@: not resistant to hostile enchantments, extremely unstealthy
A: retaliatory headbutt, horns 2, clumsy 1, regeneration 1, strong 1
a: no special abilities


You were on level 11 of the Dungeon.
You were not hungry.

You visited 1 branch of the dungeon, and saw 11 of its levels.

You collected 1592 gold pieces.
You spent 45 gold pieces at shops.

Inventory:

Hand Weapons
 a - a +1 shortbow of flaming
 A - a +4 flail of protection (weapon)
Missiles
 p - 53 poisoned needles
 w - 2 javelins (quivered)
 E - 13 tomahawks
 H - 4 needles of paralysis
 P - 110 arrows
Armour
 c - a +0 shield (worn)
 n - a +1 cloak (worn)
 K - a +2 chain mail of poison resistance (worn)
Jewellery
 j - an uncursed ring of magical power
 l - a ring of resist corrosion (left hand)
 u - a ring of fire (right hand)
 U - a +6 amulet of reflection (around neck)
Wands
 o - a wand of teleportation (0/9)
 v - a wand of iceblast (6/15)
 x - a wand of flame (8/48)
 F - a wand of polymorph (5/24)
 G - a wand of digging (7/24)
 I - a wand of digging (10/24)
Scrolls
 e - 2 scrolls of teleportation
 g - 7 scrolls of remove curse
 i - 3 scrolls of immolation
 y - a scroll of enchant armour
 B - 2 scrolls of fear
 M - a scroll of recharging
 O - 2 scrolls of identify
 R - a scroll of brand weapon
Potions
 h - a potion of invisibility
 m - 2 potions of lignification
 s - a potion of berserk rage {unknown}
 t - 2 potions of resistance
 z - 3 potions of curing
 C - 2 potions of degeneration {unknown}
 D - a potion of flight {unknown}
 J - a potion of cancellation {unknown}
 L - a potion of mutation {unknown}
Comestibles
 f - 10 bread rations
 k - a fruit
 q - 2 slices of pizza
 r - 4 meat rations


   Skills:
 * Level 10.5 Fighting
   Level 4.0(6.5) Axes
 + Level 7.9(8.4) Maces & Flails
 * Level 11.6 Armour
 + Level 5.5 Dodging
 + Level 1.0 Stealth
 * Level 11.7 Shields
 + Level 2.0 Evocations


You had 10 spell levels left.
You didn't know any spells.

Dungeon Overview and Level Annotations

Branches:
Dungeon (11/15)            Temple (0/1) D:7            Lair (0/8) D:10
    Orc: D:9-12

Altars:
Ashenzari
Cheibriados
Dithmenos
Elyvilon
Fedhas
Gozag
Kikubaaqudgha
Makhleb
Okawaru
Qazlal
Trog
Yredelemnul
The Shining One

Shops:
D:7 %


Innate Abilities, Weirdness & Mutations

You reflexively headbutt those who attack you in melee.
You have a pair of horns on your head.
You are clumsy. (Dex -2)
Your natural rate of healing is unusually fast.
Your muscles are strong. (Str +2)


Message History

You headbutt the sixfirhy.
You kill the sixfirhy!
The kobold demonologist gestures wildly while chanting.
You block the smoke demon's attack. x2; The smoke demon closely misses you.
The hellwing hits you!
* * * LOW HITPOINT WARNING * * *
You block the hellwing's attack. You block the crocodile's attack.
The iguana bites you but does no damage.
You closely miss the kobold demonologist.
The kobold demonologist is heavily wounded.
You are covered in liquid flames!
* * * LOW HITPOINT WARNING * * *
The kobold barely misses you. You furiously retaliate!
You headbutt the kobold, but do no damage.
The kobold demonologist hits you but does no damage.
You block the smoke demon's attack. x2; The smoke demon closely misses you.
The hellwing hits you!
* * * LOW HITPOINT WARNING * * *
The hellwing hits you.
You die...

#...# (...
#...###..?.
.#####.....[....
...........)[)..
................
................
.......3......$.
......54@t......
.......KlKG.....
....?........(..
......3......<..
............Z...
................
................
................
###############


You could see a hellwing, a kobold demonologist, an eye of draining, 2 smoke
demons, a crocodile, an iguana, a shadow imp, a kobold and a giant frog
skeleton.

Vanquished Creatures
  Maud (D:10)
  Urug (D:10)
  An unseen horror (D:10)
  An elephant (D:10)
  3 kobold demonologists (D:11)
  Psyche (D:8)
  A two-headed ogre (D:10)
  A vampire (D:10)
  A spriggan (D:7)
  A wraith (D:11)
  11 yaks
  2 hungry ghosts
  Menkaure (D:6)
  Edmund (D:6)
  A water moccasin (D:9)
  4 black bears
  A sky beast (D:8)
  3 orc warriors
  A phantom (D:7)
  An eye of draining (D:8)
  2 necrophages
  A centaur (D:8)
  3 ogres
  3 crocodiles
  A big kobold (D:10)
  3 giant frogs
  2 wyvern skeletons (D:6)
  2 scorpions
  9 killer bees
  7 howler monkeys
  3 centaur zombies
  2 crimson imps
  2 giant frog skeletons
  2 jellies
  5 orc priests
  A gnoll shaman (D:5)
  5 hounds
  15 orc wizards
  2 iguanas
  6 worker ants
  A killer bee zombie (D:9)
  A sheep (D:10)
  A hound zombie (D:6)
  2 hound skeletons
  A howler monkey zombie (D:7)
  A worker ant zombie (D:9)
  13 adders
  5 gnolls
  A howler monkey skeleton (D:8)
  3 shadow imps
  An ooze (D:5)
  An adder zombie (D:9)
  An adder skeleton (D:8)
  5 worms
  2 dart slugs (D:1)
  5 giant geckos
  45 orcs
  11 bats
  4 giant cockroaches
  10 goblins
  8 hobgoblins
  11 jackals
  7 quokkas
  2 ball pythons
  A giant gecko skeleton (D:4)
  4 giant newts (D:3)
  2 goblin skeletons (D:9)
  3 goblin zombies (D:9)
  A hobgoblin zombie (D:9)
  15 kobolds
  2 kobold zombies (D:9)
  An orc skeleton (D:9)
  A quokka skeleton (D:9)
  18 rats
304 creatures vanquished.

Notes
Turn   | Place    | Note
--------------------------------------------------------------
     0 | D:1      | magog001 the Minotaur Fighter began the quest for the Orb.
     0 | D:1      | Reached XP level 1. HP: 19/19 MP: 0/0
    73 | D:1      | Reached XP level 2. HP: 21/27 MP: 1/1
   517 | D:1      | Reached XP level 3. HP: 33/33 MP: 2/2
  1573 | D:3      | Found a faded altar to an unknown god.
  1607 | D:3      | Reached XP level 4. HP: 35/41 MP: 3/3
  1934 | D:3      | Found a stormy altar of Qazlal.
  2143 | D:3      | Reached skill level 1 in Dodging
  2682 | D:3      | Found a blossoming altar of Fedhas.
  2730 | D:3      | Reached XP level 5. HP: 37/47 MP: 4/4
  2787 | D:4      | Found a snail-covered altar of Cheibriados.
  2793 | D:4      | Found a shattered altar of Ashenzari.
  2987 | D:4      | Reached skill level 5 in Shields
  3064 | D:4      | Reached XP level 6. HP: 55/55 MP: 5/5
  3156 | D:4      | Reached skill level 5 in Fighting
  3183 | D:4      | Reached skill level 5 in Armour
  3228 | D:4      | Reached skill level 1 in Maces & Flails
  3384 | D:4      | Found a shadowy altar of Dithmenos.
  3428 | D:4      | Found an opulent altar of Gozag.
  3447 | D:4      | Reached XP level 7. HP: 56/61 MP: 6/6
  3672 | D:4      | Found a basalt altar of Yredelemnul.
  3925 | D:5      | Entered Level 5 of the Dungeon
  4778 | D:5      | Noticed a moth of wrath
  4784 | D:5      | Found a bloodstained altar of Trog.
  4927 | D:5      | Found a white marble altar of Elyvilon.
  5018 | D:6      | Noticed Edmund
  5034 | D:6      | Killed Edmund
  5034 | D:6      | Reached XP level 8. HP: 51/70 MP: 7/7
  5518 | D:6      | Reached skill level 5 in Maces & Flails
  5521 | D:6      | Reached XP level 9. HP: 71/80 MP: 8/8
  5653 | D:6      | Noticed Menkaure
  5660 | D:6      | Killed Menkaure
  6292 | D:6      | Found an ancient bone altar of Kikubaaqudgha.
  6292 | D:6      | Found a burning altar of Makhleb.
  7300 | D:7      | Found a staircase to the Ecumenical Temple.
  7353 | D:7      | Found Lisku's Food Boutique.
  7361 | D:7      | Bought a beef jerky for 15 gold pieces
  7361 | D:7      | Bought a beef jerky for 15 gold pieces
  7361 | D:7      | Bought a slice of pizza for 15 gold pieces
  7960 | D:8      | Gained mutation: Your natural rate of healing is unusually fast. [mutagenic meat]
  7961 | D:8      | Gained mutation: You are clumsy. (Dex -2) [mutagenic meat]
  7962 | D:8      | Gained mutation: Your muscles are strong. (Str +2) [mutagenic meat]
  8145 | D:8      | Reached XP level 10. HP: 91/91 MP: 9/9
  8164 | D:8      | Noticed Psyche
  8190 | D:8      | Killed Psyche
  8672 | D:8      | Reached skill level 10 in Armour
  8699 | D:9      | Reached skill level 5 in Dodging
  8699 | D:9      | Reached skill level 10 in Shields
  8838 | D:9      | Reached skill level 1 in Stealth
  8843 | D:9      | Found a glowing golden altar of the Shining One.
  8998 | D:9      | Found an iron altar of Okawaru.
  9316 | D:10     | Entered Level 10 of the Dungeon
 10061 | D:9      | Identified a scroll of acquirement
 10246 | D:10     | Killed an unseen horror
 10514 | D:10     | Noticed Maud
 10552 | D:10     | Killed Maud
 10552 | D:10     | Reached skill level 10 in Fighting
 10552 | D:10     | Reached skill level 1 in Evocations
 10552 | D:10     | Reached XP level 11. HP: 69/99 MP: 10/10
 10702 | D:10     | Found a staircase to the Lair.
 11001 | D:11     | Noticed a soul eater
 11098 | D:11     | Noticed Urug
 11130 | D:10     | Killed Urug
 11585 | D:11     | HP: 4/101 [hellwing[a kobold demonologist] (9)]
 11585 | D:11     | Slain by a hellwing

Skill      XL: |  1  2  3  4  5  6  7  8  9 10 11 |
---------------+----------------------------------+-----
Shields        | 4 5 6 8 11 | 11.7
Armour         | 4 5 6 8 9 11 | 11.6
Fighting       | 4 5 7 9 10 | 10.5
Axes           | 3 4 |  4.0
Dodging        | 1 2 3 4 5 |  5.5
Maces & Flails | 1 2 5 6 7 |  7.9
Stealth        | 1 |  1.0
Evocations     | 1 2 |  2.0

Action                   |  1- 3 |  4- 6 |  7- 9 | 10-12 || total
-------------------------+-------+-------+-------+-------++-------
Melee: War axe           |   133 |    84 |       |       ||   217
       Headbutt          |    15 |    18 |    63 |    66 ||   162
       Flail             |       |    63 |   274 |   393 ||   730
       Dire flail        |       |       |    18 |       ||    18
Throw: Tomahawk          |       |       |       |     5 ||     5
       Javelin           |       |       |       |     5 ||     5
Evoke: Wand              |       |       |     8 |    27 ||    35
  Use: Scroll            |     9 |     5 |     5 |    12 ||    31
       Potion            |       |       |     1 |     7 ||     8
 Stab: Invisible         |       |       |       |     1 ||     1
  Eat: Chunk             |     2 |     7 |    13 |     9 ||    31
       Fruit             |       |       |     1 |     1 ||     2
       Beef jerky        |       |       |     2 |     2 ||     4
       Meat ration       |       |       |     1 |       ||     1
Armor: Scale mail        |    44 |    80 |    11 |       ||   135
       Plate armour      |       |       |   136 |       ||   136
       Chain mail        |       |       |    14 |   304 ||   318
Dodge: Dodged            |    36 |    47 |    81 |   119 ||   283
Block: Shield            |    78 |    88 |   151 |   390 ||   707
       Reflection        |       |       |       |     3 ||     3
